 Dungeon Crawl Stone Soup version 0.31-a0-16-g6d2539766c (webtiles) character file.

Game seed: 11374915859337999397

664 Sobek the Firebug (level 7, -2/56 HPs)
             Began as a Human Cinder Acolyte on May 9, 2023.
             Was an Initiate of Ignis.
             Slain by a yak (7 damage)
             ... on level 10 of the Dungeon.
             The game lasted 00:20:38 (2274 turns).

Sobek the Firebug (Human Cinder Acolyte)            Turns: 2274, Time: 00:20:38

Health: -2/56      AC: 12    Str: 14    XL:     7   Next: 87%
Magic:  14/14      EV:  7    Int: 17    God:    Ignis [......]
Gold:   134        SH:  0    Dex:  8    Spells: 15/15 levels left

rFire   + . .        a - -1 falchion (flame) {Fireeater}
rCold   + . .        (no shield)
rNeg    + . .        r - +4 chain mail {rC+}
rPois   .            (no helmet)
rElec   .            (no cloak)
rCorr   .            (no gloves)
SInv    .            (no boots)
Will    .....        (no amulet) Stlth
                     j - ring of positive energy
HPRegen 0.29/turn    (no ring)
MPRegen 0.14/turn

%: no passive effects
@: confused, ambrosia-drunk
A: no striking features
a: Renounce Religion, Rising Flame


You were on level 10 of the Dungeon.
You worshipped Ignis.
Ignis was noncommittal.
You visited 1 branch of the dungeon, and saw 10 of its levels.

You collected 166 gold pieces.
You spent 32 gold pieces at shops.

Inventory:

Hand Weapons
 a - a -1 falchion of flaming (weapon) {Fireeater}
 c - a +0 hand axe
 f - a +0 whip
 h - a +0 club
 q - a +0 club
Missiles
 i - 3 poisoned darts (quivered)
 l - 4 javelins
 p - 33 stones
 v - 5 atropa-tipped darts
Armour
 b - a +0 robe
 d - a +0 robe
 g - a +0 robe
 m - a +0 scale mail
 n - a +0 robe
 o - a +0 plate armour
 r - a +4 chain mail of cold resistance (worn)
Jewellery
 j - a ring of positive energy (left hand)
Scrolls
 e - a scroll of identify
 z - 2 scrolls of teleportation
Potions
 k - a potion of attraction
 s - a potion of cancellation
 t - a potion of magic
 u - 2 potions of ambrosia
 w - a potion of lignification
 x - a potion of brilliance


   Skills:
 + Level 5.3 Fighting
 + Level 5.1(5.9) Short Blades
 + Level 4.5(5.6) Long Blades
 + Level 0.8 Armour
 + Level 4.8 Dodging
 + Level 4.8 Spellcasting
 + Level 6.4 Fire Magic


You had 15 spell levels left.
You didn't know any spells.
Your spell library contained the following spells:

 Spells                   Type           Power      Damage    Failure   Level
 Scorch                   Fire           52%        2d7       28%         2
 Magic Dart               Conj           16%        1d3       95%         1
 Call Imp                 Summ           8%         N/A       99%         2
 Mephitic Cloud           Conj/Pois/Air  4%         N/A       100%        3
 Tukima's Dance           Hex            4%         N/A       100%        3
 Passage of Golubria      Tloc           4%         N/A       100%        4
 Yara's Violent Unravell  Hex/Tmut       2%         3d3       100%        5


Dungeon Overview and Level Annotations

Branches:
Dungeon (10/15)
 Temple: D:4-7         Lair: D:8-11         Orc: D:9-12

Altars:

Shops:
D:1 **


Message History

The kobold attacks as you move away! The kobold hits you but does no damage.
Found a book of Fire.
There is a shaft here.
Unknown command.
The kobold falls through a shaft!
The shaft crumbles and collapses.
The orc barely misses you.
The orc warrior hits you from afar with a +0 trident.
The kobold hits you with a +0 whip.
The orc warrior hits you from afar with a +0 trident.
The orc hits you but does no damage. The kobold hits you with a +0 whip.
The kobold attacks as you move away! The kobold barely misses you.
The kobold throws a stone.
The stone hits you.
You hear some strange, mumbled words.
A puff of flame appears from out of thin air!
The puff of flame hits you. You resist.
The orc warrior hits you from afar with a +0 trident.
The kobold attacks as you move away! The kobold closely misses you.
The kobold hits you but does no damage.
A death yak comes into view.
The kobold attacks as you move away! The kobold barely misses you.
The kobold throws a stone.
The stone hits you but does no damage. The orc warrior closely misses you.
The yak barely misses you. The yak attacks as you move away! The yak gores you!
Something hits you but does no damage.
The kobold throws a stone.
The stone hits you but does no damage. The yak gores you but does no damage.
The orc warrior barely misses you. The yak gores you but does no damage.
The yak gores you! The yak gores you.
* * * LOW HITPOINT WARNING * * *
The yak attacks as you move away! The yak gores you!
* * * LOW HITPOINT WARNING * * *
You see here a book of Fire.
You are confused.
You feel invigorated. The yak gores you but does no damage.
The orc warrior hits you from afar with a +0 trident.
* * * LOW HITPOINT WARNING * * *
The yak gores you!
You die...

# #.######
#......##
#.....Y@#
####.####YY#####
..(..##.oKo....#
##....Y.Y.###.#
#.......Y.#
#.........#
#...Y....##
#........#
.######.....#..#


You could see a death yak, 6 yaks, an orc warrior, an orc and a kobold.

Vanquished Creatures
  A wyvern (D:7)
  An ice beast (D:6)
  2 bullfrogs (D:7)
  A scorpion (D:6)
  A howler monkey (D:7)
  A gnoll bouda (D:7)
  A jelly (D:8)
  An iguana (D:7)
  Terence (D:3)
  An adder (D:3)
  3 gnolls (D:7)
  A ball python (D:1)
  3 endoplasms (D:1)
  2 goblins (D:1)
  3 hobgoblins
  4 jackals (D:1)
  2 kobolds
  2 quokkas
  7 bats
  4 frilled lizards
  4 rats (D:1)
46 creatures vanquished.

Vanquished Creatures (collateral kills)
  10 foxfires (D:6)
10 creatures vanquished.

Vanquished Creatures (others)
  23 foxfires
23 creatures vanquished.

Grand Total: 79 creatures vanquished

Notes
Turn   | Place    | Note
-------+----------+-------------------------------------------
     0 | D:1      | Sobek the Human Cinder Acolyte began the quest for the Orb.
     0 | D:1      | Reached XP level 1. HP: 18/18 MP: 2/2
    46 | D:1      | Reached XP level 2. HP: 13/24 MP: 3/3
   214 | D:1      | Found Himikk's Assorted Antiques.
   229 | D:1      | Bought a glowing dark potion for 16 gold pieces
   229 | D:1      | Bought a glowing dark potion for 16 gold pieces
   338 | D:1      | Reached XP level 3. HP: 13/29 MP: 4/4
   374 | D:1      | Reached skill level 5 in Short Blades
   374 | D:1      | Reached skill level 6 in Fire Magic
   374 | D:1      | Reached XP level 4. HP: 29/38 MP: 4/10
   498 | D:1      | Found Enunaoh's Assorted Antiques.
   906 | D:3      | Noticed Terence
   930 | D:3      | Killed Terence
   931 | D:3      | Reached XP level 5. HP: 35/43 MP: 12/12
  1242 | D:5      | Entered Level 5 of the Dungeon
  1422 | D:6      | Noticed an ice beast
  1457 | D:6      | Killed an ice beast
  1458 | D:6      | Reached skill level 5 in Fighting
  1458 | D:6      | Reached XP level 6. HP: 44/51 MP: 13/13
  1953 | D:7      | Noticed a wyvern
  1957 | D:7      | Killed a wyvern
  1958 | D:7      | Reached XP level 7. HP: 56/56 MP: 14/14
  2238 | D:9      | Noticed a wraith
  2252 | D:10     | Entered Level 10 of the Dungeon
  2252 | D:10     | Noticed a yak
  2252 | D:10     | Noticed a yak
  2252 | D:10     | Noticed a yak
  2253 | D:10     | Noticed a yak
  2253 | D:10     | Noticed a yak
  2254 | D:10     | Noticed a yak
  2255 | D:10     | Noticed a two-headed ogre
  2267 | D:10     | Noticed a death yak
  2274 | D:10     | Slain by a yak

Illustrated notes

Levels and vault maps discovered:
D:1:      minmay_arrival_five_plusses, layout_basic, serial_shops,
          nicolae_shop_advertising_works [nicolae_subvault_shop_adworks],
          nicolae_diamond_shop, dreamdust_princess_corridor
D:2:      layout_basic, basic_ecumenical_altar
D:3:      cheibrodos_fertilizer, layout_loops_cross, serial_shops, shop,
          serial_forest, infiniplex_forest_clump_small,
          infiniplex_forest_straight_3, infiniplex_forest_clump_medium,
          infiniplex_forest_split, infiniplex_forest_lined_room_,
          infiniplex_forest_clump_long, minmay_misc_feat_alley, uniq_terence
D:4:      layout_basic, mainiacjoe_overflow_boulevard,
          mainiacjoe_overflow_large_starburst, kiku_gazebo_garden_becter,
          kennysheep_generic_room_5, uniq_edmund
D:5:      nicolae_cairo_tiling_large, layout_rooms
D:6:      layout_gridville, minmay_hedge_maze, ebering_dispersal_statue_hall
D:7:      layout_rooms, minmay_temple_entry_wispy
D:8:      layout_loops_ring, serial_shops, shop, minmay_misc_feat_encased
D:9:      minmay_the_grid_4x2 [minmay_the_grid_dragon_b,
          minmay_the_grid_minigrid_medium, minmay_the_grid_dragon_a,
          minmay_the_grid_tiny_cups, minmay_the_grid_minigrid_small,
          minmay_the_grid_zigzag_pyramid, minmay_the_grid_rooms,
          minmay_the_grid_prize_diamond_cup], layout_irregular_city
D:10:     layout_loops_cross, dpeg_lair_monsters, enter_trove_6

Skill      XL: |  1  2  3  4  5  6 |
---------------+-------------------+-----
Fighting       | 4 5 |  5.3
Short Blades   | 5 |  5.1
Dodging        | 3 4 |  4.8
Spellcasting   | 4 |  4.8
Fire Magic     | 6 |  6.4
Long Blades    | 4 |  4.5
Armour         | |  0.8

Action                     |  1- 3 |  4- 6 |  7- 9 || total
---------------------------+-------+-------+-------++-------
  Melee: Falchion          |    45 |   546 |    23 ||   614
         Punch             |     1 |     9 |       ||    10
  Throw: Dart              |       |     1 |       ||     1
 Invoke: Fiery Armour      |     2 |     5 |       ||     7
         Foxfire Swarm     |     1 |     3 |       ||     4
    Use: Scroll            |     1 |     7 |     2 ||    10
         Potion            |     3 |       |     3 ||     6
 Armour: Robe              |    12 |    19 |       ||    31
         Chain mail        |       |    22 |    50 ||    72
  Dodge: Dodged            |    29 |    71 |    21 ||   121

Table legend: (Time is in decaauts)
 A = Elapsed time spent in this place.
 B = Non-inter-level travel time spent in this place.
 C = Inter-level travel time spent in this place.
 D = Time resting spent in this place.
 E = Time spent auto-exploring this place.
 F = Levels seen in this place.
 G = Mean time per level.
                   A        B        C        D        E       F      G
               +--------+--------+--------+--------+--------+-----+--------+
         Total |   2314 |   2303 |     11 |      0 |     97 |  10 |  231.4 |
       Dungeon |   2314 |   2303 |     11 |      0 |     97 |  10 |  231.4 |
               +--------+--------+--------+--------+--------+-----+--------+

Top non-repeatable levels by time:
     D:1: 819 daAuts
     D:6: 706 daAuts
     D:3: 184 daAuts
     D:4: 152 daAuts
     D:9: 145 daAuts
     D:7: 101 daAuts
     D:2: 100 daAuts
     D:8: 51 daAuts
     D:5: 29 daAuts
    D:10: 21 daAuts
